 Dungeon Sprint DCSS version 0.20.1-1-g8b1a95d (console) character file.

10238 hilaritas the Bludgeoner (level 11, -9/93 HPs)
             Began as a Formicid Fighter on Aug 27, 2017.
             Was the Champion of Uskayaw.
             Mangled by an ettin
             ... wielding a +0 dire flail
              (29 damage)
             ... in the Dungeon (Sprint IX: "|||||||||||||||||||||||||||||").
             The game lasted 00:06:02 (1685 turns).

hilaritas the Bludgeoner (Formicid Fighter)         Turns: 1685, Time: 00:06:03

Health: -9/93      AC: 14    Str: 24    XL:     11   Next: 89%
Magic:  22/22      EV: 16    Int:  8    God:    Uskayaw [******]
Gold:   22         SH: 13    Dex: 13    Spells: 10/10 levels left

rFire    . . .     SeeInvis +   j - +2 dire flail (crush)
rCold    . . .     Gourm    .   c - +0 shield
rNeg     . . .     Faith    .   o - +1 scale mail
rPois    .         Spirit   .   (helmet unavailable)
rElec    .         Reflect  .   y - +0 cloak
rCorr    .         Harm     .   a - +0 pair of gloves
MR       +....                  k - +0 pair of boots
Stlth    ..........             (no amulet)
Regen    0.3/turn               b - +3 ring of dexterity
MPRegen  0.2/turn               p - +2 ring of evasion

@: no status effects
A: permanent stasis, dig shafts and tunnels, four strong arms, antennae 3
a: Dig, Stomp, Line Pass, Grand Finale, Renounce Religion


You were in the Dungeon.
You worshipped Uskayaw.
Uskayaw was pleased with you.
You were not hungry.

You visited 1 branch You collected 22 gold pieces.

Inventory:

Hand Weapons
 j - a +2 dire flail of crushing (weapon)
Armour
 a - a +0 pair of gloves (worn)
 c - a +0 shield (worn)
 k - a +0 pair of boots (worn)
 o - a +1 scale mail (worn)
 y - a +0 cloak (worn)
Jewellery
 b - a +3 ring of dexterity (left hand)
 p - a +2 ring of evasion (right hand)
Wands
 h - a wand of iceblast (7/15)
Scrolls
 m - 3 scrolls of remove curse
 n - 2 scrolls of amnesia
 s - 2 scrolls of identify
 t - 2 scrolls of recharging
 u - 2 scrolls of enchant weapon
 v - 2 scrolls of enchant armour
 w - a scroll of magic mapping
Potions
 d - a potion of might
 e - a potion of invisibility
 g - a potion of heal wounds
 i - 4 potions of magic
 l - 5 potions of curing
 q - a potion of mutation
 r - 2 potions of agility
Comestibles
 f - 14 bread rations
 x - 40 fruits
 z - 12 meat rations
 A - 3 chunks of flesh


   Skills:
 + Level 11.2 Fighting
 * Level 15.2 Maces & Flails
 - Level 10.5 Armour
 - Level 7.0 Dodging
 - Level 12.1 Shields
 - Level 15.1 Invocations
 - Level 8.6 Evocations


You had 10 spell levels left.
You didn't know any spells.

Dungeon Overview and Level Annotations

Branches:
Dungeon (1/1)

Altars:
Cheibriados
Dithmenos
Elyvilon
Fedhas
Gozag
Hepliaklqana
Kikubaaqudgha
Makhleb
Nemelex Xobeh
Okawaru
Qazlal
Ru
Sif Muna
Trog
Uskayaw
Vehumet
Xom
Yredelemnul
Zin
The Shining One
Beogh
Jiyva
Lugonu


Innate Abilities, Weirdness & Mutations

You cannot be hasted, slowed, berserked, paralysed or teleported.
You can dig through walls and to a lower floor.
Your four strong arms can wield two-handed weapons with a shield.
You have a pair of large antennae on your head. (SInv)


Message History

The ettin hits you with a dire flail. The ettin hits you with a dire flail!!
* * * LOW HITPOINT WARNING * * *
You puncture the ettin!
The ettin is lightly wounded.
The ettin barely misses you. The ettin completely misses you.
You hit the ettin but do no damage.
The ettin is lightly wounded.
You sock the ettin!
The ettin is heavily wounded.
You block the ettin's attack. The ettin completely misses you.
You puncture the ettin!
The ettin is severely wounded.
Okay, then.
You feel much better. The ettin hits you with a dire flail!!
* * * LOW HITPOINT WARNING * * *
The ettin closely misses you.
You hit the ettin but do no damage.
The ettin is severely wounded.
The ettin misses you. The ettin hits you with a dire flail!!
You die...

{ { ▓▓▓▓▓▓▓▓▓▓▓▓▓▓▓▓▓▓▓▓▓▓▓
........')))))))@Co.$.+{{{{{{{{{{
▓▓▓▓▓▓▓▓▓▓▓▓▓▓▓▓▓▓▓▓▓▓▓▓▓▓▓▓▓▓▓▓▓
......................)..........
▓▓▓▓▓▓▓▓▓▓▓▓▓▓▓▓▓▓▓▓▓▓▓▓▓▓▓▓▓▓▓▓▓
..'......|......÷.÷.......††.....
▓▓▓▓▓▓▓▓▓▓▓▓▓▓▓▓▓▓▓▓▓▓▓▓▓▓▓▓▓▓▓▓▓
.................................
▓▓▓▓▓▓▓▓▓▓▓▓▓▓▓▓▓▓▓▓▓▓▓▓▓▓▓▓▓▓▓▓▓
.....).....'___________________._


You could see an ettin and an orc.

Vanquished Creatures
  A dire elephant (D)
  A centaur warrior (D)
  A hydra (D)
  An unseen horror (D)
  2 cyclopes (D)
  8 elephants (D)
  Joseph (D)
  2 spiny frogs (D)
  A rime drake (D)
  2 komodo dragons (D)
  A troll (D)
  A hippogriff (D)
  A yak (D)
  Eustachio (D)
  4 water moccasins (D)
  2 porcupines (D)
  4 orc warriors (D)
  A sky beast (D)
  A centaur (D)
  3 bullfrogs (D)
  2 scorpions (D)
  A hound (D)
  2 orc priests (D)
  A jelly (D)
  2 worker ants (D)
  2 orc wizards (D)
  An ooze (D)
  A dart slug (D)
  A leopard gecko (D)
  4 orcs (D)
  A hobgoblin (D)
  A bat (D)
  2 quokka zombies (D)
60 creatures vanquished.

Vanquished Creatures (others)
  A crimson imp (D)
1 creature vanquished.

Grand Total: 61 creatures vanquished

Notes
Turn   | Place    | Note
-------+----------+-------------------------------------------
     0 | D        | hilaritas the Formicid Fighter began the quest for the Orb.
     0 | D        | Reached XP level 1. HP: 18/18 MP: 1/1
    20 | D        | Reached skill level 5 in Shields
    20 | D        | Reached XP level 2. HP: 16/24 MP: 2/2
   116 | D        | Noticed a scorpion
   116 | D        | Noticed a sky beast
   116 | D        | Noticed a scorpion
   129 | D        | Killed a scorpion
   129 | D        | Reached skill level 5 in Maces & Flails
   129 | D        | Reached XP level 3. HP: 9/29 MP: 3/3
   129 | D        | Reached XP level 4. HP: 11/35 MP: 4/4
   140 | D        | Killed a sky beast
   140 | D        | Reached XP level 5. HP: 14/41 MP: 5/5
   148 | D        | Reached XP level 6. HP: 7/47 MP: 6/6
   415 | D        | Found a roughly hewn altar of Beogh.
   415 | D        | Found a snail-covered altar of Cheibriados.
   415 | D        | Found a shadowy altar of Dithmenos.
   415 | D        | Found a white marble altar of Elyvilon.
   415 | D        | Found a blossoming altar of Fedhas.
   415 | D        | Found an opulent altar of Gozag.
   416 | D        | Found a hazy altar of Hepliaklqana.
   417 | D        | Found a viscous altar of Jiyva.
   418 | D        | Found an ancient bone altar of Kikubaaqudgha.
   419 | D        | Found a corrupted altar of Lugonu.
   420 | D        | Found a burning altar of Makhleb.
   421 | D        | Found a sparkling altar of Nemelex Xobeh.
   422 | D        | Found an iron altar of Okawaru.
   423 | D        | Found a stormy altar of Qazlal.
   424 | D        | Found a sacrificial altar of Ru.
   425 | D        | Found a deep blue altar of Sif Muna.
   426 | D        | Found a bloodstained altar of Trog.
   427 | D        | Found a hide-covered altar of Uskayaw.
   428 | D        | Found a radiant altar of Vehumet.
   430 | D        | Found a shimmering altar of Xom.
   431 | D        | Found a basalt altar of Yredelemnul.
   432 | D        | Found a glowing silver altar of Zin.
   433 | D        | Found a glowing golden altar of the Shining One.
   437 | D        | Became a worshipper of Uskayaw the Reveler
   492 | D        | Noticed an unseen horror
   497 | D        | Reached * piety under Uskayaw
   499 | D        | Reached skill level 1 in Invocations
   499 | D        | Reached ** piety under Uskayaw
   501 | D        | Reached skill level 10 in Shields
   501 | D        | Reached *** piety under Uskayaw
   505 | D        | Reached skill level 10 in Maces & Flails
   505 | D        | Reached XP level 7. HP: 47/52 MP: 6/9
   505 | D        | Reached **** piety under Uskayaw
   508 | D        | Reached ***** piety under Uskayaw
   511 | D        | Killed an unseen horror
   511 | D        | Reached XP level 8. HP: 51/67 MP: 7/13
   590 | D        | Noticed a troll
   590 | D        | Noticed a cyclops
   590 | D        | Noticed a cyclops
   590 | D        | Noticed a centaur warrior
   593 | D        | Reached skill level 5 in Armour
   601 | D        | Killed a troll
   606 | D        | Killed a cyclops
   606 | D        | Reached skill level 10 in Fighting
   606 | D        | Reached XP level 9. HP: 49/78 MP: 13/15
   612 | D        | Killed a cyclops
   612 | D        | Reached skill level 10 in Invocations
   614 | D        | Killed a centaur warrior
   906 | D        | Noticed a komodo dragon
   906 | D        | Noticed a five-headed hydra
   906 | D        | Noticed a hippogriff
   920 | D        | Killed a komodo dragon
   920 | D        | Reached skill level 10 in Armour
   920 | D        | Reached XP level 10. HP: 32/85 MP: 19/19
   921 | D        | Reached skill level 1 in Dodging
   921 | D        | Reached skill level 1 in Evocations
   923 | D        | Noticed an elephant
   924 | D        | Killed a five-headed hydra
   931 | D        | Reached skill level 5 in Evocations
   938 | D        | Killed an elephant
  1146 | D        | Noticed a komodo dragon
  1146 | D        | Noticed a spiny frog
  1146 | D        | Noticed a spiny frog
  1153 | D        | Killed a komodo dragon
  1153 | D        | Reached skill level 15 in Invocations
  1157 | D        | Killed a spiny frog
  1157 | D        | Reached skill level 5 in Dodging
  1165 | D        | Killed a spiny frog
  1165 | D        | Reached XP level 11. HP: 44/90 MP: 22/22
  1167 | D        | Reached ****** piety under Uskayaw
  1185 | D        | Noticed an elephant
  1185 | D        | Noticed an elephant
  1185 | D        | Noticed an elephant
  1185 | D        | Noticed an elephant
  1185 | D        | Noticed an elephant
  1185 | D        | Noticed an elephant
  1186 | D        | Noticed a dire elephant
  1188 | D        | Killed an elephant
  1188 | D        | Killed an elephant
  1190 | D        | Killed an elephant
  1192 | D        | Killed an elephant
  1194 | D        | Noticed an elephant
  1202 | D        | Killed a dire elephant
  1210 | D        | Killed an elephant
  1216 | D        | Killed an elephant
  1225 | D        | Killed an elephant
  1511 | D        | Noticed Joseph
  1532 | D        | Killed Joseph
  1548 | D        | Noticed Eustachio
  1564 | D        | Killed Eustachio
  1654 | D        | Reached skill level 15 in Maces & Flails
  1660 | D        | Noticed an ettin
  1685 | D        | Mangled by an ettin

Skill      XL: |  1  2  3  4  5  6  7  8  9 10 11 |
---------------+----------------------------------+-----
Shields        | 5 7 9 10 12 | 12.1
Maces & Flails | 3 5 7 9 10 15 | 15.2
Invocations    | 3 7 9 13 15 | 15.1
Fighting       | 7 10 11 | 11.2
Armour         | 4 6 10 | 10.5
Dodging        | 6 7 |  7.0
Evocations     | 7 8 |  8.6

Action                   |  1- 3 |  4- 6 |  7- 9 | 10-12 || total
-------------------------+-------+-------+-------+-------++-------
Melee: Flail             |    34 |    19 |       |       ||    53
       Dire flail        |       |    11 |    39 |   134 ||   184
Invok: Grand Finale      |       |       |       |     1 ||     1
  Use: Potion            |     1 |       |       |     4 ||     5
 Stab: Paralysed         |       |     2 |     7 |    11 ||    20
  Eat: Chunk             |       |       |       |     3 ||     3
Armor: Scale mail        |     7 |     2 |     2 |    11 ||    22
Dodge: Dodged            |     9 |     7 |    12 |    38 ||    66
Block: Shield            |    18 |    14 |    17 |    43 ||    92
